[Event "106th British-ch Major 2019"]
[Site "Torquay"]
[Date "2019.08.02"]
[Round "7.19"]
[White "Brown, Tom"]
[Black "Camp, Imogen Al"]
[Result "1/2-1/2"]
[ECO "D45"]
[WhiteElo "1953"]
[BlackElo "1850"]
[Annotator "NA"]
[PlyCount "57"]
[EventDate "2019.07.27"]
[EventType "swiss"]
[EventCountry "GBR"]
[SourceTitle "playchess.com"]
[Source "ChessBase"]
[SourceQuality "1"]
[TimeControl "40/5400+30:1800+30"]

1. d4 d5 2. c4 c6 3. Nc3 Nf6 4. e3 e6 5. Nf3 Nbd7 6. Qc2 Bd6 7. b3 O-O 8. Be2 Qc7 9. Bb2 b6 10. O-O Bb7 11. Rac1 Rac8 12. Rfe1 e5 13. cxd5 cxd5 14. Qb1 Qb8 15. g3 e4 16. Nh4 Rfe8 17. Nb5 Bf8 18. Ba3 Bxa3 19. Nxa3 a6 20. Rxc8 Rxc8 21. Rc1 g6 22. Ng2 Nf8 23. Rxc8 Qxc8 24. Qc2 Ne6 25. Qxc8+ Bxc8 26. h4 Nc7 27. Nb1 Bd7 28. Nc3 Kf8 29. Nf4 1/2-1/2

[Event "106th British-ch Major 2019"]
[Site "Torquay"]
[Date "2019.08.02"]
[Round "7.20"]
[White "Modi, Kishan J"]
[Black "Metcalfe, Charlie P"]
[Result "1-0"]
[ECO "C54"]
[WhiteElo "1923"]
[BlackElo "1739"]
[Annotator "NA"]
[PlyCount "89"]
[EventDate "2019.07.27"]
[EventType "swiss"]
[EventCountry "GBR"]
[SourceTitle "playchess.com"]
[Source "ChessBase"]
[SourceQuality "1"]
[TimeControl "40/5400+30:1800+30"]

1. e4 e5 2. Nf3 Nc6 3. d4 exd4 4. Bc4 Bc5 5. c3 Nf6 6. e5 d5 7. Bb5 Ne4 8. cxd4 Bb6 9. O-O O-O 10. Bxc6 bxc6 11. Nc3 Bg4 12. h3 Bh5 13. Ne2 Bxf3 14. gxf3 Ng5 15. Bxg5 Qxg5+ 16. Kh2 Qf5 17. f4 Qe4 18. Rc1 Rae8 19. Qc2 Qf3 20. Qd2 Re6 21. Qe3 Qxe3 22. fxe3 f5 23. Rc2 Rb8 24. Ng3 g6 25. Rfc1 Ba5 26. a3 Kf7 27. b4 Bb6 28. Rxc6 Rxc6 29. Rxc6 a5 30. Kg2 axb4 31. axb4 Ra8 32. Ne2 Ra2 33. Kf3 Ra8 34. Nc3 Rd8 35. Nb5 Kg8 36. Nxc7 Rc8 37. Nxd5 Rxc6 38. Ne7+ Kf7 39. Nxc6 Ke6 40. e4 Kf7 41. d5 Kg7 42. e6 g5 43. exf5 Bc5 44. bxc5 h5 45. d6 1-0

[Event "106th British-ch Major 2019"]
[Site "Torquay"]
[Date "2019.08.02"]
[Round "7.21"]
[White "Salmons, Calum"]
[Black "Ifalore, Michael"]
[Result "0-1"]
[ECO "C55"]
[WhiteElo "1898"]
[BlackElo "1907"]
[Annotator "NA"]
[PlyCount "86"]
[EventDate "2019.07.27"]
[EventType "swiss"]
[EventCountry "GBR"]
[SourceTitle "playchess.com"]
[Source "ChessBase"]
[SourceQuality "1"]
[TimeControl "40/5400+30:1800+30"]

1. e4 e5 2. Nf3 Nc6 3. Bc4 Nf6 4. d3 Be7 5. c3 O-O 6. O-O d6 7. Bb3 Na5 8. Bc2 c5 9. Nbd2 Re8 10. Re1 Nc6 11. Nf1 h6 12. Ng3 Bf8 13. c4 Bg4 14. Ba4 Qa5 15. Bd2 Bxf3 16. Bxa5 Bxd1 17. Bxc6 bxc6 18. Rexd1 Rab8 19. b3 Rb7 20. Rac1 g6 21. Rc2 h5 22. Bd2 Kh7 23. Bg5 Nd7 24. Nf1 f6 25. Be3 Bh6 26. g3 Nf8 27. Bxh6 Kxh6 28. f4 Ne6 29. Rf2 exf4 30. gxf4 Nd4 31. Nd2 Rbe7 32. Nf3 Nxf3+ 33. Rxf3 f5 34. exf5 gxf5 35. Rd2 h4 36. h3 Re3 37. Kf2 Re1 38. Kg2 Rg8+ 39. Kf2 Reg1 40. Re2 d5 41. Re6+ Kh5 42. Rfe3 R8g2+ 43. Kf3 Rh2 0-1

[Event "106th British-ch Major 2019"]
[Site "Torquay"]
[Date "2019.08.02"]
[Round "7.22"]
[White "Robertson, Jim"]
[Black "Nayak, Raghav"]
[Result "0-1"]
[ECO "A45"]
[WhiteElo "1580"]
[BlackElo "1906"]
[Annotator "NA"]
[PlyCount "94"]
[EventDate "2019.07.27"]
[EventType "swiss"]
[EventCountry "GBR"]
[SourceTitle "playchess.com"]
[Source "ChessBase"]
[SourceQuality "1"]
[TimeControl "40/5400+30:1800+30"]

1. d4 Nf6 2. e3 g6 3. f4 Bg7 4. Nf3 O-O 5. c3 d6 6. Bc4 c5 7. O-O Qc7 8. Qe2 Nc6 9. Na3 a6 10. dxc5 dxc5 11. e4 e5 12. fxe5 Nxe5 13. Bf4 Nfg4 14. Ng5 Qe7 15. h3 Nf6 16. Rad1 b5 17. Bd5 Ra7 18. c4 b4 19. Nc2 Nh5 20. Qe3 h6 21. Nf3 Nxf4 22. Qxf4 Kh7 23. Nce1 f5 24. Nd3 g5 25. Qe3 Nxf3+ 26. Qxf3 Bd4+ 27. Kh1 g4 28. hxg4 fxg4 29. Qg3 h5 30. Rxf8 Qxf8 31. Qf4 Qe7 32. g3 Bf6 33. e5 Bg5 34. Qe4+ Kg7 35. Rf1 Be6 36. Bxe6 Qxe6 37. Nxc5 Qe7 38. e6 Qxc5 39. Rf5 Qe3 40. Rxg5+ Qxg5 41. Qd4+ Kg6 42. Qxa7 Qc1+ 43. Kg2 Qxb2+ 44. Qf2 Qxf2+ 45. Kxf2 Kf6 46. Ke3 Kxe6 47. Kf4 a5 {[%emt 0:00:09] Ke5+ Kxe5} 0-1

[Event "106th British-ch Major 2019"]
[Site "Torquay"]
[Date "2019.08.02"]
[Round "7.23"]
[White "Young, Daniel J"]
[Black "Tombolis, Christopher"]
[Result "1/2-1/2"]
[ECO "B31"]
[WhiteElo "1971"]
[BlackElo "1883"]
[Annotator "NA"]
[PlyCount "60"]
[EventDate "2019.07.27"]
[EventType "swiss"]
[EventCountry "GBR"]
[SourceTitle "playchess.com"]
[Source "ChessBase"]
[SourceQuality "1"]
[TimeControl "40/5400+30:1800+30"]

1. e4 c5 2. Nf3 Nc6 3. Bb5 g6 4. Bxc6 dxc6 5. d3 Bg7 6. h3 e5 7. a4 Qe7 8. a5 Nf6 9. Nbd2 Nd7 10. O-O Nf8 11. Nc4 f6 12. Be3 Ne6 13. c3 O-O 14. Rb1 Rd8 15. Qc2 g5 16. b4 cxb4 17. cxb4 h5 18. g4 Qf7 19. Rfd1 Qg6 20. d4 hxg4 21. hxg4 Nf4 22. Nh2 exd4 23. Rxd4 Rxd4 24. Bxd4 Be6 25. Nd6 Rd8 26. Nf5 Bxf5 27. exf5 Qe8 28. Be3 Qe5 29. Qc4+ Nd5 30. Nf3 Qb8 1/2-1/2

[Event "106th British-ch Major 2019"]
[Site "Torquay"]
[Date "2019.08.02"]
[Round "7.24"]
[White "Mueller, Jens"]
[Black "Roy, Ali"]
[Result "1/2-1/2"]
[ECO "D02"]
[WhiteElo "1965"]
[BlackElo "1871"]
[Annotator "NA"]
[PlyCount "60"]
[EventDate "2019.07.27"]
[EventType "swiss"]
[EventCountry "GBR"]
[SourceTitle "playchess.com"]
[Source "ChessBase"]
[SourceQuality "1"]
[TimeControl "40/5400+30:1800+30"]

1. d4 Nf6 2. Bf4 d5 3. e3 e6 4. Nd2 c5 5. c3 Bd6 6. Bg3 O-O 7. Ngf3 b6 8. Ne5 Bb7 9. Bd3 Nc6 10. Qb1 Qc7 11. f4 h6 12. O-O a5 13. Bh4 Be7 14. Qe1 Ba6 15. Bxa6 Rxa6 16. Bxf6 Bxf6 17. Ng4 Qe7 18. Rf3 h5 19. Nxf6+ Qxf6 20. Rg3 cxd4 21. cxd4 Rc8 22. Qe2 Raa8 23. Qxh5 g6 24. Qh6 Nxd4 25. exd4 Qxd4+ 26. Kh1 Qxd2 27. Rxg6+ fxg6 28. Qxg6+ Kh8 29. Qh6+ Kg8 30. Qg6+ Kh8 1/2-1/2

[Event "106th British-ch Major 2019"]
[Site "Torquay"]
[Date "2019.08.02"]
[Round "7.25"]
[White "Fathallah, Joe"]
[Black "Wilson, Matthew R"]
[Result "0-1"]
[ECO "D36"]
[WhiteElo "1952"]
[BlackElo "1817"]
[Annotator "NA"]
[PlyCount "92"]
[EventDate "2019.07.27"]
[EventType "swiss"]
[EventCountry "GBR"]
[SourceTitle "playchess.com"]
[Source "ChessBase"]
[SourceQuality "1"]
[TimeControl "40/5400+30:1800+30"]

1. d4 d5 2. c4 e6 3. Nc3 Nf6 4. cxd5 exd5 5. Bg5 c6 6. e3 h6 7. Bh4 Be7 8. Bd3 Nbd7 9. Qc2 Nh5 10. Bxe7 Qxe7 11. Nge2 Nb6 12. h3 Be6 13. g4 Nf6 14. Nf4 O-O-O 15. Nxe6 fxe6 16. O-O-O e5 17. Bf5+ Kb8 18. Na4 Nxa4 19. Qxa4 e4 20. Kb1 Qf7 21. g5 hxg5 22. Rdg1 g6 23. Bg4 Nxg4 24. Rxg4 Qxf2 25. Rxg5 Rxh3 26. Rhg1 Rxe3 27. Qb4 Rd3 28. Qe7 Rf8 29. Qd6+ Ka8 30. R5g2 Qf6 31. Qc5 b6 32. Qc1 Rxd4 33. Rxg6 Rc4 34. Qd1 Qf3 35. Qe1 Qf2 36. Qxf2 Rxf2 37. Rg7 Rcc2 38. Rc7 Rxb2+ 39. Kc1 Rfc2+ 40. Kd1 Rg2 41. Rxg2 Rxg2 42. Rxc6 Rxa2 43. Re6 Kb7 44. Kc1 Ra3 45. Kb2 Rd3 46. Ka2 e3 0-1

[Event "106th British-ch Major 2019"]
[Site "Torquay"]
[Date "2019.08.02"]
[Round "7.26"]
[White "Pink, Joshua"]
[Black "Howell, Oliver W"]
[Result "1/2-1/2"]
[ECO "C01"]
[WhiteElo "1907"]
[BlackElo "1797"]
[Annotator "NA"]
[PlyCount "39"]
[EventDate "2019.07.27"]
[EventType "swiss"]
[EventCountry "GBR"]
[SourceTitle "playchess.com"]
[Source "ChessBase"]
[SourceQuality "1"]
[TimeControl "40/5400+30:1800+30"]

1. e4 e6 2. d4 d5 3. exd5 exd5 4. Bf4 Bd6 5. Bxd6 Qxd6 6. Bd3 Ne7 7. c3 Bf5 8. Bxf5 Nxf5 9. Nf3 Qe6+ 10. Qe2 Qxe2+ 11. Kxe2 Nd7 12. Re1 O-O 13. Nbd2 f6 14. Kd3 Rfe8 15. g4 Nd6 16. g5 Kf7 17. gxf6 gxf6 18. b3 Rxe1 19. Rxe1 Re8 20. Rxe8 1/2-1/2

[Event "106th British-ch Major 2019"]
[Site "Torquay"]
[Date "2019.08.02"]
[Round "7.27"]
[White "Lovell, William Pm"]
[Black "Ruane, Brendan J"]
[Result "1/2-1/2"]
[ECO "A34"]
[WhiteElo "1777"]
[BlackElo "1904"]
[Annotator "NA"]
[PlyCount "47"]
[EventDate "2019.07.27"]
[EventType "swiss"]
[EventCountry "GBR"]
[SourceTitle "playchess.com"]
[Source "ChessBase"]
[SourceQuality "1"]
[TimeControl "40/5400+30:1800+30"]

1. c4 b6 2. Nc3 c5 3. e4 Nc6 4. g3 g6 5. Bg2 Bg7 6. Nge2 Rb8 7. d3 d6 8. Be3 Bd7 9. Rb1 Nf6 10. h3 O-O 11. O-O Ne8 12. d4 Nc7 13. a4 f5 14. exf5 cxd4 15. Nxd4 Nxd4 16. Bxd4 Bxf5 17. Bxg7 Kxg7 18. Rc1 Bc8 19. b3 Bb7 20. Qe2 Bxg2 21. Kxg2 e5 22. Rcd1 Ne6 23. Nb5 Qf6 24. Rd5 1/2-1/2

[Event "106th British-ch Major 2019"]
[Site "Torquay"]
[Date "2019.08.02"]
[Round "7.28"]
[White "Liu, Jack"]
[Black "Whitehead, Mark A"]
[Result "1/2-1/2"]
[ECO "B99"]
[WhiteElo "1259"]
[BlackElo "1887"]
[Annotator "NA"]
[PlyCount "62"]
[EventDate "2019.07.27"]
[EventType "swiss"]
[EventCountry "GBR"]
[SourceTitle "playchess.com"]
[Source "ChessBase"]
[SourceQuality "1"]
[TimeControl "40/5400+30:1800+30"]

1. e4 c5 2. Nf3 e6 3. d4 cxd4 4. Nxd4 Nf6 5. Nc3 d6 6. Bg5 Be7 7. f4 Nbd7 8. Qf3 a6 9. O-O-O Qc7 10. f5 Ne5 11. Qg3 b5 12. Bxf6 Bxf6 13. fxe6 fxe6 14. Be2 O-O 15. h4 b4 16. Nb1 Bd7 17. Qb3 Rfe8 18. g4 Qc5 19. g5 Bd8 20. Nf5 Bc7 21. Rdf1 Kh8 22. Ng3 a5 23. a4 bxa3 24. Qxa3 Bb6 25. Qxc5 Bxc5 26. Nc3 Rf8 27. Bb5 Kg8 28. Bxd7 Nxd7 29. Nb5 Rxf1+ 30. Rxf1 Nf8 31. Ne2 Rb8 1/2-1/2

[Event "106th British-ch Major 2019"]
[Site "Torquay"]
[Date "2019.08.02"]
[Round "7.29"]
[White "Garnett, John S"]
[Black "Gray, Edward"]
[Result "1/2-1/2"]
[ECO "D00"]
[WhiteElo "1885"]
[BlackElo "1757"]
[Annotator "NA"]
[PlyCount "42"]
[EventDate "2019.07.27"]
[EventType "swiss"]
[EventCountry "GBR"]
[SourceTitle "playchess.com"]
[Source "ChessBase"]
[SourceQuality "1"]
[TimeControl "40/5400+30:1800+30"]

1. d4 Nf6 2. Bg5 d5 3. Bxf6 gxf6 4. c4 c5 5. cxd5 Qxd5 6. Nf3 cxd4 7. Nc3 Qd8 8. Nxd4 e5 9. Ndb5 a6 10. Qxd8+ Kxd8 11. Rd1+ Nd7 12. Nd6 Bxd6 13. Rxd6 Ke7 14. Rd2 Nb6 15. e3 Be6 16. Be2 Rad8 17. Bf3 Nc4 18. Rxd8 Rxd8 19. Bxb7 Nxb2 20. Bxa6 Bxa2 21. O-O Bc4 1/2-1/2

[Event "106th British-ch Major 2019"]
[Site "Torquay"]
[Date "2019.08.02"]
[Round "7.30"]
[White "Kirupakaran, Vishnu"]
[Black "Paulden, Tim"]
[Result "1-0"]
[ECO "B06"]
[WhiteElo "1771"]
[BlackElo "1902"]
[Annotator "NA"]
[PlyCount "83"]
[EventDate "2019.07.27"]
[EventType "swiss"]
[EventCountry "GBR"]
[SourceTitle "playchess.com"]
[Source "ChessBase"]
[SourceQuality "1"]
[TimeControl "40/5400+30:1800+30"]

1. e4 g6 2. d4 Bg7 3. Nf3 d6 4. Bc4 e6 5. O-O a6 6. c3 Ne7 7. Nbd2 h6 8. Re1 Nd7 9. Bb3 b6 10. Nf1 Bb7 11. Ng3 Qb8 12. h4 Qa7 13. a4 a5 14. Be3 d5 15. e5 c6 16. h5 Nf8 17. c4 Nf5 18. hxg6 fxg6 19. Nxf5 gxf5 20. cxd5 cxd5 21. Rc1 Rc8 22. Rxc8+ Bxc8 23. Qc2 Bd7 24. Rc1 Ng6 25. Qc7 Qxc7 26. Rxc7 Kd8 27. Rb7 Kc8 28. Rxb6 Kc7 29. Ra6 Rb8 30. Bxd5 exd5 31. Rxg6 Bf8 32. Bxh6 Bxh6 33. Rxh6 Bxa4 34. Ra6 Rb5 35. b4 Rxb4 36. Rxa5 Kc6 37. Rc5+ Kb7 38. Rxd5 Bc6 39. Rd6 Be4 40. e6 Kc7 41. Rd7+ Kc8 42. Ne5 1-0

[Event "106th British-ch Major 2019"]
[Site "Torquay"]
[Date "2019.08.02"]
[Round "7.31"]
[White "Hilton, Tim"]
[Black "Gogia, Armaan"]
[Result "1/2-1/2"]
[ECO "E97"]
[WhiteElo "1892"]
[BlackElo "1754"]
[Annotator "NA"]
[PlyCount "44"]
[EventDate "2019.07.27"]
[EventType "swiss"]
[EventCountry "GBR"]
[SourceTitle "playchess.com"]
[Source "ChessBase"]
[SourceQuality "1"]
[TimeControl "40/5400+30:1800+30"]

1. d4 Nf6 2. c4 g6 3. Nc3 Bg7 4. e4 d6 5. Nf3 O-O 6. Be2 e5 7. O-O Nc6 8. Be3 Ng4 9. Bg5 f6 10. Bc1 exd4 11. Nxd4 Nge5 12. Be3 Nxd4 13. Bxd4 Be6 14. b3 Nc6 15. Be3 f5 16. exf5 gxf5 17. Nd5 Bxa1 18. Qxa1 Bxd5 19. cxd5 Ne5 20. f4 Ng4 21. Bxg4 fxg4 22. f5 Qh4 1/2-1/2

[Event "106th British-ch Major 2019"]
[Site "Torquay"]
[Date "2019.08.02"]
[Round "7.32"]
[White "Sanitt, Ethan"]
[Black "Miller, George I"]
[Result "1-0"]
[ECO "A25"]
[WhiteElo "1752"]
[BlackElo "1891"]
[Annotator "NA"]
[PlyCount "125"]
[EventDate "2019.07.27"]
[EventType "swiss"]
[EventCountry "GBR"]
[SourceTitle "playchess.com"]
[Source "ChessBase"]
[SourceQuality "1"]
[TimeControl "40/5400+30:1800+30"]

1. c4 g6 2. g3 Bg7 3. Bg2 d6 4. Nc3 e5 5. e4 Nc6 6. Nge2 Nge7 7. O-O Bg4 8. h3 Bxe2 9. Nxe2 O-O 10. d3 f5 11. Rb1 h6 12. b4 Qd7 13. b5 Nd8 14. Be3 g5 15. f4 Ne6 16. Qd2 gxf4 17. gxf4 exf4 18. Nxf4 Nxf4 19. Bxf4 fxe4 20. Bxh6 Nf5 21. Be3 exd3 22. Bxb7 Nxe3 23. Qxe3 Rxf1+ 24. Rxf1 Rf8 25. Bd5+ Kh8 26. Qxd3 Rxf1+ 27. Kxf1 Qe7 28. Qg6 Qf6+ 29. Qxf6 Bxf6 30. Kf2 Bd4+ 31. Kf3 Kg7 32. Ke4 Bf2 33. Bb7 Kf6 34. Kd5 Bb6 35. Bc8 Ba5 36. a4 Bb6 37. Bg4 Ba5 38. h4 Be1 39. h5 Ba5 40. Be2 Bb6 41. Kc6 Kg5 42. Kb7 Kh6 43. Ka6 Bc5 44. Bf3 Kg5 45. Kb7 Bb6 46. Bd1 Kh6 47. Kc6 Ba5 48. Be2 Kg5 49. c5 dxc5 50. Bc4 Kxh5 51. Kb7 Bb6 52. Ka6 c6 53. bxc6 Kg6 54. Kb7 Kf6 55. c7 Bxc7 56. Kxc7 Ke5 57. a5 Kd4 58. Bg8 c4 59. a6 c3 60. Bh7 Kc5 61. Kb7 Kd6 62. Kxa7 Kc7 63. Bf5 1-0

[Event "106th British-ch Major 2019"]
[Site "Torquay"]
[Date "2019.08.02"]
[Round "7.33"]
[White "Pattni, Kishan"]
[Black "Ingham, H William"]
[Result "1-0"]
[ECO "A22"]
[WhiteElo "1608"]
[BlackElo "1854"]
[Annotator "NA"]
[PlyCount "51"]
[EventDate "2019.07.27"]
[EventType "swiss"]
[EventCountry "GBR"]
[SourceTitle "playchess.com"]
[Source "ChessBase"]
[SourceQuality "1"]
[TimeControl "40/5400+30:1800+30"]

1. c4 Nf6 2. Nc3 d6 3. g3 e5 4. Bg2 c6 5. e4 Be7 6. d3 Nbd7 7. b4 d5 8. exd5 Bxb4 9. Bd2 Bxc3 10. Bxc3 cxd5 11. cxd5 O-O 12. Bb4 Re8 13. Qb3 Nb6 14. d6 Be6 15. Qa3 Bd5 16. f3 Rc8 17. Rc1 Bc6 18. Ne2 Nfd5 19. Bc5 Qg5 20. O-O Ne3 21. f4 exf4 22. Bxc6 Rxc6 23. Bxe3 fxe3 24. Rxc6 bxc6 25. Qxa7 Qh5 26. d7 1-0

[Event "106th British-ch Major 2019"]
[Site "Torquay"]
[Date "2019.08.02"]
[Round "7.34"]
[White "Hussain, Adam"]
[Black "May, Paul"]
[Result "1-0"]
[ECO "B06"]
[WhiteElo "1515"]
[BlackElo "1832"]
[Annotator "NA"]
[PlyCount "97"]
[EventDate "2019.07.27"]
[EventType "swiss"]
[EventCountry "GBR"]
[SourceTitle "playchess.com"]
[Source "ChessBase"]
[SourceQuality "1"]
[TimeControl "40/5400+30:1800+30"]

1. d4 g6 2. Nc3 Bg7 3. e4 a6 4. f4 b5 5. Nf3 d6 6. Bd3 Bb7 7. Be3 Nd7 8. O-O Nh6 9. Ng5 Nf8 10. Ne2 f6 11. Nh3 Ng4 12. Bd2 d5 13. e5 f5 14. a4 c6 15. Ng5 h6 16. Nf3 h5 17. Qe1 Ne6 18. h3 Nh6 19. Nh4 Nf8 20. Qg3 Rg8 21. Rf3 e6 22. Bb4 Nf7 23. Rff1 g5 24. fxg5 Nxg5 25. Nf4 Kd7 26. Nxh5 Nfh7 27. Nxf5 Bh8 28. Ne7 Ne4 29. Qxg8 Qxg8 30. Nxg8 Nhg5 31. Ngf6+ Bxf6 32. Nxf6+ Kc7 33. Nxe4 dxe4 34. Bd6+ Kd7 35. Be2 Rg8 36. Bg4 c5 37. axb5 axb5 38. h4 Nf3+ 39. gxf3 exf3 40. Ra7 Rxg4+ 41. Kf2 Rg2+ 42. Ke1 Kc8 43. Rxb7 Kxb7 44. Bxc5 Rxc2 45. b4 Kc6 46. Rxf3 Rh2 47. Rf4 Kd5 48. Kf1 Ra2 49. Ke1 1-0

[Event "106th British-ch Major 2019"]
[Site "Torquay"]
[Date "2019.08.02"]
[Round "7.35"]
[White "Forster, James Connor C"]
[Black "Sheikh, Anum"]
[Result "1-0"]
[ECO "A55"]
[WhiteElo "1831"]
[BlackElo "1693"]
[Annotator "NA"]
[PlyCount "49"]
[EventDate "2019.07.27"]
[EventType "swiss"]
[EventCountry "GBR"]
[SourceTitle "playchess.com"]
[Source "ChessBase"]
[SourceQuality "1"]
[TimeControl "40/5400+30:1800+30"]

1. d4 Nf6 2. c4 d6 3. Nc3 Nbd7 4. e4 e5 5. Nf3 Be7 6. Be2 c6 7. O-O O-O 8. Qc2 Qc7 9. Rd1 a6 10. Bg5 b5 11. cxb5 cxb5 12. Rac1 Qb8 13. dxe5 dxe5 14. a3 Bb7 15. Rxd7 Nxd7 16. Bxe7 Re8 17. Bg5 Nb6 18. Qb3 h6 19. Be3 Qd8 20. a4 Re6 21. axb5 axb5 22. Bxb5 Rg6 23. Nxe5 Rf6 24. Be2 Qe7 25. Ng4 1-0

[Event "106th British-ch Major 2019"]
[Site "Torquay"]
[Date "2019.08.03"]
[Round "8.1"]
[White "Clarke, Brandon Gi"]
[Black "Graham, David B"]
[Result "1-0"]
[ECO "C18"]
[WhiteElo "2433"]
[BlackElo "2162"]
[Annotator "ChessBase"]
[PlyCount "183"]
[EventDate "2019.07.27"]
[EventType "swiss"]
[EventCountry "GBR"]
[SourceTitle "playchess.com"]
[Source "ChessBase"]
[SourceQuality "1"]
[TimeControl "40/5400+30:1800+30"]

1. e4 e6 2. d4 d5 3. Nc3 Bb4 4. e5 Ne7 5. a3 Bxc3+ 6. bxc3 c5 7. Qg4 O-O 8. Bd3 f5 9. exf6 Rxf6 10. Bg5 Rf7 11. Qh5 g6 12. Qd1 Nbc6 13. Nf3 Qa5 14. Bd2 c4 15. Be2 Bd7 16. O-O Re8 17. Ng5 Rf6 18. f4 Nf5 19. Qe1 Kg7 20. Nf3 Nd8 21. Ne5 Ba4 22. Ra2 Nd6 23. Bf3 Rff8 24. Nxg6 Kxg6 25. Qg3+ Kf7 26. Qg5 Rg8 27. Bh5+ Rg6 28. g4 Nf5 29. gxf5 exf5 30. Kf2 Kg7 31. Bxg6 hxg6 32. Rg1 Re6 33. Rb2 Bd7 34. Qh4 b5 35. Re1 Qc7 36. Rxe6 Nxe6 37. Qe7+ Kg8 38. Rb1 Qd8 39. Qxd8+ Nxd8 40. a4 a6 41. axb5 Bxb5 42. Bc1 Kf7 43. Ba3 Ne6 44. Bd6 g5 45. Re1 gxf4 46. h4 Ba4 47. Rc1 Kf6 48. Kf3 Be8 49. Bxf4 a5 50. Rb1 a4 51. Kg3 a3 52. Ra1 Ba4 53. Ra2 Kg6 54. Bd6 Kh5 55. Bxa3 f4+ 56. Kf3 Be8 57. Bc1 Kxh4 58. Ra6 Bh5+ 59. Kf2 Ng5 60. Bxf4 Ne4+ 61. Ke3 Nxc3 62. Rh6 Kg4 63. Bc7 Kg5 64. Rd6 Nd1+ 65. Kd2 c3+ 66. Kc1 Ne3 67. Ba5 Bf3 68. Bxc3 Nc4 69. Rd8 Be4 70. Rf8 Kg6 71. Bb4 Kg7 72. Rf2 Kg6 73. Rf8 Kg7 74. Kb1 Kg6 75. Bc5 Kg7 76. Rf2 Kg6 77. Ka2 Kg5 78. Kb3 Kg4 79. c3 Kg3 80. Rf8 Bf3 81. Kb4 Kf2 82. Re8 Nd2 83. Bf8 Be2 84. Bh6 Ne4 85. c4 Nd6 86. Rf8+ Ke1 87. c5 Nb5 88. Bg7 Kd2 89. c6 Nc7 90. Be5 Ne6 91. Rf2 Kd3 92. Rxe2 1-0

[Event "106th British-ch Major 2019"]
[Site "Torquay"]
[Date "2019.08.03"]
[Round "8.2"]
[White "Lentzos, Ioanis"]
[Black "Taylor, Adam A"]
[Result "1/2-1/2"]
[ECO "A36"]
[WhiteElo "2043"]
[BlackElo "2168"]
[Annotator "NA"]
[PlyCount "43"]
[EventDate "2019.07.27"]
[EventType "swiss"]
[EventCountry "GBR"]
[SourceTitle "playchess.com"]
[Source "ChessBase"]
[SourceQuality "1"]
[TimeControl "40/5400+30:1800+30"]

1. c4 c5 2. Nc3 Nc6 3. g3 g6 4. Bg2 Bg7 5. a3 e6 6. b4 Nxb4 7. axb4 cxb4 8. d4 bxc3 9. e3 Ne7 10. Ne2 O-O 11. Nxc3 d6 12. O-O e5 13. Nb5 exd4 14. exd4 Be6 15. Ra4 Rc8 16. d5 Bd7 17. Rxa7 Bxb5 18. cxb5 Qb6 19. Be3 Qxb5 20. Qb1 Qxb1 21. Rxb1 Rc2 22. Raxb7 1/2-1/2

[Event "106th British-ch Major 2019"]
[Site "Torquay"]
[Date "2019.08.03"]
[Round "8.3"]
[White "Balaji, Aaravamudhan"]
[Black "Payne, Matthew J"]
[Result "1-0"]
[ECO "E73"]
[WhiteElo "2034"]
[BlackElo "2168"]
[Annotator "NA"]
[PlyCount "77"]
[EventDate "2019.07.27"]
[EventType "swiss"]
[EventCountry "GBR"]
[SourceTitle "playchess.com"]
[Source "ChessBase"]
[SourceQuality "1"]
[TimeControl "40/5400+30:1800+30"]

1. d4 Nf6 2. c4 g6 3. Nc3 Bg7 4. e4 d6 5. Be2 O-O 6. Be3 e5 7. d5 a5 8. g4 Na6 9. g5 Nd7 10. h4 Nac5 11. h5 f5 12. gxf6 Nxf6 13. hxg6 hxg6 14. Bf3 c6 15. Qe2 cxd5 16. cxd5 b6 17. Qd2 Ng4 18. Bg5 Nd3+ 19. Kf1 Qd7 20. Nd1 Ba6 21. Rh4 Rxf3 22. Nxf3 Ndxf2+ 23. Kg1 Nxe4 24. Qg2 Nxg5 25. Nxg5 Nf6 26. Ne6 Bd3 27. Ne3 Rc8 28. Rd1 Qb5 29. Qd2 e4 30. Qg2 Kf7 31. Nxg7 Qc5 32. Qg5 Kxg7 33. Rh6 Qxe3+ 34. Qxe3 Ng4 35. Qh3 Be2 36. Rh7+ Kf6 37. Re1 Bf3 38. Qg3 Ne5 39. Qf4# 1-0

[Event "106th British-ch Major 2019"]
[Site "Torquay"]
[Date "2019.08.03"]
[Round "8.4"]
[White "Turner, Max N"]
[Black "Cleary, Mark"]
[Result "1-0"]
[ECO "A87"]
[WhiteElo "2026"]
[BlackElo "2023"]
[Annotator "NA"]
[PlyCount "37"]
[EventDate "2019.07.27"]
[EventType "swiss"]
[EventCountry "GBR"]
[SourceTitle "playchess.com"]
[Source "ChessBase"]
[SourceQuality "1"]
[TimeControl "40/5400+30:1800+30"]

1. d4 f5 2. g3 Nf6 3. Bg2 g6 4. Nf3 Bg7 5. O-O O-O 6. c4 d6 7. Nc3 Qe8 8. d5 Na6 9. Rb1 Nc5 10. Be3 e5 11. dxe6 Bxe6 12. b3 Nfe4 13. Nxe4 Nxe4 14. Bd4 Nc3 15. Bxc3 Bxc3 16. Nd4 Bc8 17. Nb5 Ba5 18. Nxd6 Qe7 19. Nxc8 1-0

[Event "106th British-ch Major 2019"]
[Site "Torquay"]
[Date "2019.08.03"]
[Round "8.5"]
[White "Ethelontis, Alexandros N"]
[Black "Ashworth, Michael"]
[Result "1-0"]
[ECO "A21"]
[WhiteElo "2154"]
[BlackElo "1957"]
[Annotator "NA"]
[PlyCount "69"]
[EventDate "2019.07.27"]
[EventType "swiss"]
[EventCountry "GBR"]
[SourceTitle "playchess.com"]
[Source "ChessBase"]
[SourceQuality "1"]
[TimeControl "40/5400+30:1800+30"]

1. c4 g6 2. Nc3 Bg7 3. g3 e5 4. Bg2 d6 5. e3 f5 6. Nge2 Nf6 7. O-O O-O 8. d3 a5 9. Rb1 Na6 10. a3 c6 11. b4 axb4 12. axb4 Nc7 13. b5 d5 14. bxc6 bxc6 15. cxd5 cxd5 16. Qb3 Be6 17. d4 Ne4 18. Rd1 Rb8 19. Qc2 Nxc3 20. Nxc3 exd4 21. exd4 Qd7 22. Bf4 Rxb1 23. Qxb1 Rd8 24. Qb6 Ne8 25. Re1 Kf7 26. Na4 Rc8 27. Nc5 Bxd4 28. Qxe6+ Qxe6 29. Nxe6 Bc3 30. Ng5+ Kg7 31. Re7+ Kf8 32. Rf7+ Kg8 33. Bxd5 Rc5 34. Rxf5+ Kh8 35. Rf8+ 1-0

[Event "106th British-ch Major 2019"]
[Site "Torquay"]
[Date "2019.08.03"]
[Round "8.6"]
[White "Gardiner, Eric D"]
[Black "Miller, Dominic"]
[Result "0-1"]
[ECO "D00"]
[WhiteElo "1957"]
[BlackElo "2140"]
[Annotator "NA"]
[PlyCount "72"]
[EventDate "2019.07.27"]
[EventType "swiss"]
[EventCountry "GBR"]
[SourceTitle "playchess.com"]
[Source "ChessBase"]
[SourceQuality "1"]
[TimeControl "40/5400+30:1800+30"]

1. d4 Nf6 2. Bg5 d5 3. Bxf6 gxf6 4. c4 dxc4 5. e3 c5 6. Bxc4 cxd4 7. exd4 Bg7 8. Ne2 O-O 9. Nbc3 Nc6 10. O-O f5 11. Re1 Qd6 12. Nb5 Qh6 13. Qc1 Bd7 14. Qxh6 Bxh6 15. f4 Rac8 16. b3 a6 17. Na3 b5 18. Bd3 Nb4 19. Red1 Rc6 20. g3 e6 21. Rd2 Rfc8 22. Rad1 Bf8 23. Bb1 R8c7 24. Kf2 Bc8 25. Kg1 Bb7 26. Kf2 Rc8 27. Kg1 Be7 28. Kf2 Bd8 29. Kg1 Ba5 30. Rb2 Nd5 31. Bd3 Ne3 32. Ra1 Bb4 33. Nb1 Rc1+ 34. Nxc1 Rxc1+ 35. Kf2 Ng4+ 36. Ke2 Re1# 0-1